 Dungeon Crawl Stone Soup version 0.26.1-11-gd32895ea62 (webtiles) character file.

Game seed: 15547831294747474887

13870 Elvor the Cleaver (level 11, 0/95 HPs)
             Began as a Black Draconian Warper on Sept 7, 2021.
             Was a High Priest of Okawaru.
             Slain by an eight-headed hydra (3 damage)
             ... on level 1 of the Lair of Beasts.
             The game lasted 01:42:25 (9613 turns).

Elvor the Cleaver (Black Draconian Warper)          Turns: 9613, Time: 01:42:26

Health: 0/95       AC:  9    Str: 16    XL:     11   Next: 81%
Magic:  13/15      EV: 17    Int: 24    God:    Okawaru [*****.]
Gold:   473        SH:  7    Dex: 11    Spells: 8/16 levels left

rFire    + + .     SeeInvis .   C - +8 hand axe of Trial by Ordeal {freeze, *Contam rF+ Int+4}
rCold    + . .     Faith    .   I - +0 kite shield
rNeg     . . .     Spirit   .   (armour unavailable)
rPois    .         Reflect  .   (helmet restricted)
rElec    +         Harm     .   E - scarf {rC+ rF+}
rCorr    .         Rampage  .   i - +0 pair of gloves
Will     .....                  g - +0 pair of boots
Stlth    +.........             s - amulet of the acrobat
HPRegen  0.25/turn              y - +4 ring of evasion
MPRegen  0.14/turn              U - +6 ring of intelligence

@: very slightly contaminated
A: breathe lightning, unfitting armour, electricity resistance, cold-blooded, AC
+7
a: Breathe Lightning, Renounce Religion, Heroism, Finesse


You were on level 1 of the Lair of Beasts.
You worshipped Okawaru.
Okawaru was extremely pleased with you.
You visited 3 branches of the dungeon, and saw 13 of its levels.

You collected 664 gold pieces.
You spent 191 gold pieces at shops.

Inventory:

Hand Weapons
 o - the +3 battleaxe "Banisher" {venom, rF+, unknown}
   (Okawaru gifted it to you on level 11 of the Dungeon)

   It poisons the flesh of those it strikes.
   It protects you from fire.
 C - the +8 hand axe of Trial by Ordeal (weapon) {freeze, *Contam rF+ Int+4}
   (You found it on level 6 of the Dungeon)

   It has been specially enchanted to freeze those struck by it, causing extra
   injury to most foes and up to half again as much damage against particularly
   susceptible opponents.
   It can also slow down cold-blooded creatures.
   It affects your intelligence (+4).
   It protects you from fire.
   It causes magical contamination when unequipped.
 N - the +4 flail of the Dead {drain, rC- Dex+6 Stlth+, unknown}
   (You found it on level 11 of the Dungeon)

   A truly terrible weapon, it drains the life of those it strikes.
   It affects your dexterity (+6).
   It makes you vulnerable to cold.
   It makes you more stealthy.
Missiles
 a - 2 throwing nets
 v - 24 poisoned darts
 R - 3 atropa-tipped darts (quivered)
 V - 3 datura-tipped darts
Armour
 g - a +0 pair of boots (worn)
 i - a +0 pair of gloves (worn)
 E - a scarf of resistance (worn)
 I - a +0 kite shield (worn)
Magical Staves
 e - a cursed staff of conjuration {unknown}
Jewellery
 m - a +6 ring of intelligence
 p - an uncursed ring of willpower
 s - an amulet of the acrobat (around neck)
 y - a +4 ring of evasion (left hand)
 U - a +6 ring of intelligence (right hand)
Wands
 F - a wand of enslavement (3)
 G - a wand of paralysis (3)
 X - a wand of disintegration (14)
 Z - a wand of flame (27)
Scrolls
 c - 4 scrolls of blinking
 d - a scroll of brand weapon {unknown}
 f - 7 scrolls of fear
 j - 3 scrolls of magic mapping
 k - 6 scrolls of teleportation
 q - 7 scrolls of remove curse
 u - 3 scrolls of random uselessness {unknown}
 D - 4 scrolls of enchant weapon {unknown}
 H - 2 scrolls of noise {unknown}
 S - a scroll of fog
 T - 2 scrolls of immolation
Potions
 b - 4 potions of heal wounds
 h - 3 potions of brilliance
 l - 3 potions of berserk rage {unknown}
 n - 8 potions of curing
 t - 2 potions of lignification {unknown}
 x - a potion of haste {unknown}
 z - a potion of resistance {unknown}
 A - 4 potions of flight
 B - 3 potions of degeneration {unknown}
 L - 3 potions of mutation {unknown}
 M - 2 potions of attraction {unknown}
 Q - a potion of might {unknown}


   Skills:
 + Level 8.5 Fighting
 + Level 11.7(12.1) Axes
 + Level 5.5(9.4) Maces & Flails
 + Level 6.4 Throwing
 + Level 7.9 Dodging
 + Level 1.2 Shields
 + Level 3.2 Spellcasting
 + Level 3.7 Translocations
 + Level 2.9 Invocations
 + Level 1.7 Evocations


You had 8 spell levels left.
You knew the following spells:

 Your Spells              Type           Power        Failure   Level
a - Blink                 Tloc           N/A          21%         2
b - Passage of Golubria   Tloc           N/A          80%         4
c - Swiftness             Air            3%           67%         2

Your spell library contained the following spells:

 Spells                   Type           Power        Failure   Level
 Gell's Gravitas          Tloc           10%          38%         3
 Lesser Beckoning         Tloc           10%          38%         3
 Teleport Other           Tloc           21%          38%         3
 Shock                    Conj/Air       12%          54%         1
 Static Discharge         Conj/Air       3%           88%         3
 Airstrike                Air            1%           99%         4
 Lightning Bolt           Conj/Air       1%           100%        5


Dungeon Overview and Level Annotations

Branches:
Dungeon (11/15)            Temple (1/1) D:6            Lair (1/6) D:9
    Orc (0/2) D:9

Altars:
Ashenzari
Cheibriados
Dithmenos
Elyvilon
Fedhas
Gozag
Hepliaklqana
Kikubaaqudgha
Makhleb
Nemelex Xobeh
Okawaru
Qazlal
Ru
Sif Muna
Trog
Uskayaw
Vehumet
Wu Jian
Xom
Yredelemnul
Zin
The Shining One

Shops:
D:5 (   D:6 =   D:9 ([(*?


Innate Abilities, Weirdness & Mutations

You can breathe wild blasts of lightning.
Your glossy black scales are hard. (AC +7)
You cannot fit into any form of body armour.
You are resistant to electric shocks. (rElec)
You are cold-blooded and may be slowed by cold attacks.


Message History

The eight-headed hydra resists.
The eight-headed hydra bites you.
You block the eight-headed hydra's attack.
The eight-headed hydra bites you! The eight-headed hydra misses you.
The eight-headed hydra barely misses you.
The eight-headed hydra bites you.
* * * LOW HITPOINT WARNING * * *
The eight-headed hydra bites you.
* * * LOW HITPOINT WARNING * * *
The eight-headed hydra bites you but does no damage.
Casting: Blink (safe; 21% risk of failure)
Confirm with . or Enter, or press ? or * to list all spells.
You miscast Blink.
You are very lightly contaminated with residual magic.
Nothing appears to happen.
You block the eight-headed hydra's attack.
The eight-headed hydra bites you!!
* * * LOW HITPOINT WARNING * * *
The eight-headed hydra bites you.
You die...

##.........#.
#######.#.#....##.
#.##.##..##....##.
#.......####..#.#.
#.######..........
#.# #.##.....##
#†# .....#..... ##
#.# #.##...P.#.
##P##@#
#..##.#..##
#...D.# .#...##.##
#..(#### .....
#..# ##(# #####
#.## #. ..# # .#


You could see an eight-headed hydra.

Vanquished Creatures
  A hydra (D:9)
  Harold (D:7)
  A centaur warrior (D:10)
  Pikel (D:7)
  2 cane toads (Lair:1)
  A black mamba (Lair:1)
  A gargoyle (D:10)
  Maggie (D:6)
  Psyche (D:8)
  A rime drake (Lair:1)
  A centaur skeleton (D:11)
  5 trolls
  Prince Ribbit (D:5)
  15 yaks
  An ice beast (D:11)
  A steam dragon (D:11)
  3 wargs (D:9)
  4 water moccasins
  2 orc warriors
  3 sky beasts
  3 phantoms
  3 wolves (Lair:1)
  An ogre (D:7)
  2 centaurs
  3 big kobolds
  7 bullfrogs
  A wyvern zombie (D:11)
  A water moccasin zombie (D:6)
  5 scorpions
  10 killer bees
  14 wights
  3 howler monkeys
  4 electric eels (D:11)
  A bullfrog zombie (D:11)
  A centaur zombie (D:6)
  2 quasits
  3 orc priests
  5 hounds
  3 jellies
  16 orc wizards
  A bullfrog skeleton (D:8)
  8 worker ants
  A hound zombie (D:9)
  A howler monkey zombie (D:8)
  8 adders
  2 shadow imps
  4 white imps
  3 oozes
  An adder zombie (D:10)
  3 adder skeletons
  4 worms
  2 dart slugs
  5 leopard geckos
  29 orcs
  7 giant cockroaches
  2 goblins (D:3)
  9 hobgoblins
  8 jackals
  6 quokkas
  2 ball pythons (D:2)
  7 bats
  6 frilled lizards
  2 gnoll zombies (D:6)
  A jackal skeleton (D:6)
  20 kobolds
  A quokka skeleton (D:5)
  12 rats
290 creatures vanquished.

Vanquished Creatures (collateral kills)
  A scorpion (D:11)
1 creature vanquished.

Vanquished Creatures (others)
  3 yaks
  A killer bee (D:11)
  A kobold (D:7)
5 creatures vanquished.

Grand Total: 296 creatures vanquished

Notes
Turn   | Place    | Note
-------+----------+-------------------------------------------
     0 | D:1      | Elvor the Draconian Warper began the quest for the Orb.
     0 | D:1      | Reached XP level 1. HP: 17/17 MP: 3/3
    52 | D:1      | Reached skill level 1 in Throwing
    69 | D:1      | Reached XP level 2. HP: 20/24 MP: 5/5
    75 | D:1      | Learned a level 2 spell: Blink
   334 | D:1      | Reached XP level 3. HP: 29/29 MP: 6/6
   600 | D:2      | Noticed a phantom
   956 | D:2      | Reached XP level 4. HP: 32/37 MP: 7/7
   962 | D:2      | Found a sacrificial altar of Ru.
  1313 | D:2      | Killed a phantom
  1314 | D:2      | Reached XP level 5. HP: 26/45 MP: 8/8
  1650 | D:3      | You fall into a shaft and drop 3 floors!
  1650 | D:6      | Found a basalt altar of Yredelemnul.
  1711 | D:6      | Found a staircase to the Ecumenical Temple.
  1721 | Temple   | Entered the Ecumenical Temple
  1731 | Temple   | Became a worshipper of Warmaster Okawaru
  1833 | D:6      | Reached XP level 6. HP: 35/52 MP: 9/9
  1930 | D:6      | Got a warped hand axe
  1931 | D:6      | Identified the +8 hand axe of Trial by Ordeal {freeze,
                  | *Contam rF+ Int+4} (You found it on level 6 of the Dungeon)
  1955 | D:6      | Found Tikoril's Jewellery Shoppe.
  2007 | D:6      | Noticed a sky beast
  2021 | D:6      | Killed a sky beast
  2099 | D:6      | Reached * piety under Okawaru
  2100 | D:6      | Reached skill level 1 in Axes
  2109 | D:6      | Reached skill level 2 in Axes
  2109 | D:6      | Your scales start taking on a glossy black colour.
  2109 | D:6      | Reached XP level 7. HP: 44/60 MP: 10/10
  2109 | D:6      | Gained mutation: You are resistant to electric shocks.
                  | (rElec) [Black Draconian growth]
  2110 | D:6      | Reached skill level 5 in Maces & Flails
  2137 | D:6      | Found an iron altar of Okawaru.
  2356 | D:6      | Noticed Maggie
  2365 | D:6      | Killed Maggie
  2366 | D:6      | Reached skill level 5 in Fighting
  2366 | D:6      | Reached skill level 3 in Axes
  2426 | D:5      | Entered Level 5 of the Dungeon
  2485 | D:4      | Reached ** piety under Okawaru
  2558 | D:3      | Found a stormy altar of Qazlal.
  2624 | D:3      | Found a faded altar of an unknown god.
  2818 | D:4      | Reached XP level 8. HP: 59/68 MP: 11/11
  3323 | D:4      | Reached skill level 4 in Axes
  3511 | D:5      | Found a shimmering blue altar of Sif Muna.
  3511 | D:5      | Found a sacrificial altar of Ru.
  3511 | D:5      | Found a hazy altar of Hepliaklqana.
  3527 | D:5      | Found Pogges's Weapon Emporium.
  3529 | D:5      | Found a white marble altar of Elyvilon.
  3614 | D:5      | Reached skill level 5 in Axes
  3625 | D:5      | Noticed Prince Ribbit
  3638 | D:5      | Killed Prince Ribbit
  3898 | D:6      | Learned a level 4 spell: Passage of Golubria
  3918 | D:7      | Reached skill level 6 in Axes
  3944 | D:7      | Noticed a troll
  3956 | D:7      | Killed a troll
  3956 | D:7      | Reached *** piety under Okawaru
  3962 | D:7      | Reached XP level 9. HP: 67/75 MP: 12/12
  4114 | D:7      | Reached skill level 7 in Axes
  4320 | D:7      | Noticed Harold
  4339 | D:7      | Killed Harold
  4339 | D:7      | Reached **** piety under Okawaru
  4340 | D:7      | Reached skill level 8 in Axes
  4340 | D:7      | Reached skill level 5 in Dodging
  4348 | D:7      | Noticed Pikel
  4614 | D:7      | Killed Pikel
  4615 | D:7      | Reached skill level 9 in Axes
  4884 | D:7      | Reached XP level 10. HP: 78/84 MP: 13/13
  4956 | D:7      | Got a coiled garnet amulet
  4963 | D:7      | Identified the amulet "Iguolil" {Inacc +Inv Dex+2} (You
                  | found it on level 7 of the Dungeon)
  5137 | D:8      | Received a gift from Okawaru
  5301 | D:8      | Noticed Psyche
  5307 | D:8      | Killed Psyche
  5379 | D:8      | Found a bloodstained altar of Trog.
  5462 | D:8      | Received a gift from Okawaru
  5470 | D:8      | Reached skill level 10 in Axes
  5643 | D:9      | Found a staircase to the Orcish Mines.
  5748 | D:9      | Found Vicsimue's Magic Scroll Emporium.
  5758 | D:9      | Bought a scroll of fog for 26 gold pieces
  5758 | D:9      | Bought a scroll of magic mapping for 45 gold pieces
  5758 | D:9      | Bought a scroll of immolation for 45 gold pieces
  5758 | D:9      | Bought a scroll of amnesia for 45 gold pieces
  5828 | D:9      | Noticed a six-headed hydra
  5853 | D:8      | Found an ornate altar of the Wu Jian Council.
  5853 | D:8      | Found a shimmering altar of Xom.
  6074 | D:9      | Killed a six-headed hydra
  6074 | D:9      | Reached ***** piety under Okawaru
  6075 | D:9      | Reached skill level 1 in Evocations
  6191 | D:9      | Found a staircase to the Lair.
  6361 | D:9      | Reached skill level 5 in Throwing
  6385 | D:9      | Found Cyeleami's Assorted Antiques.
  6396 | D:9      | Bought a fizzy cyan potion for 30 gold pieces
  6417 | D:9      | Found Vafaeb's Armour Emporium.
  6574 | D:9      | Found Sesuh's Weapon Shoppe.
  6734 | D:9      | Found Faabbex's Weapon Emporium.
  6872 | D:10     | Entered Level 10 of the Dungeon
  7060 | D:10     | Reached skill level 1 in Invocations
  7066 | D:10     | Learned a level 2 spell: Swiftness
  7068 | D:10     | Noticed a centaur warrior
  7185 | D:10     | Killed a centaur warrior
  7186 | D:10     | Reached XP level 11. HP: 81/93 MP: 13/15
  7463 | D:10     | Got a faintly humming leather armour
  7837 | D:11     | Reached ****** piety under Okawaru
  7853 | D:11     | Reached skill level 11 in Axes
  8254 | D:11     | Received a gift from Okawaru
  8279 | D:11     | Got a fine battleaxe {god gift}
  8526 | D:11     | Got a jewelled flail
  9281 | Lair:1   | Entered Level 1 of the Lair of Beasts
  9414 | Lair:1   | Reached skill level 1 in Shields
  9607 | Lair:1   | Noticed an eight-headed hydra
  9613 | Lair:1   | HP: 3/95 [eight-headed hydra (18)]
  9613 | Lair:1   | Slain by an eight-headed hydra

Illustrated notes

Levels and vault maps discovered:
D:1:      lemuel_arrival_lava_pool, layout_rooms, serial_bayou,
          serial_bayou_shore_a, serial_bayou_pond_c, serial_bayou_pond_d,
          serial_bayou_shore_b, serial_bayou_crossing, serial_bayou_pond_c
D:2:      layout_loops_ring, nicolae_ru_great_annihilating_truth
D:3:      layout_rooms, lemuel_crystal_altar, chequers_ecumenical_altar_island,
          grunt_ministairs_1
D:4:      layout_basic
D:5:      layout_rooms, chequers_temple_overflow_statue_of_worship,
          serial_shops, shop, elyvilon_altar_4, uniq_prince_ribbit1
D:6:      layout_rooms, lemuel_zombie_altar_yredelemnul,
          minmay_temple_entry_mini_moons, basic_altar,
          minmay_shop_enchanted_jewellery, uniq_maggie
D:7:      layout_loops_cross, kb_rosetta, uniq_harold, uniq_pikel
D:8:      layout_loops_ring, nicolae_overflow_hidden_temple, uniq_psyche
D:9:      layout_loops_ring, erik_lair_orcish_takeover, david_orc_2,
          serial_shops, nicolae_shop_window_shopping, kennysheep_little_box,
          nicolae_shop_competitors_out_of_business, shop, shop
D:10:     layout_basic
D:11:     layout_basic
Temple:   nicolae_temple_great_sept
Lair:1:   layout_loops_ring, st_stairs_12

Skill      XL: |  1  2  3  4  5  6  7  8  9 10 11 |
---------------+----------------------------------+-----
Throwing       | 1 2 3 5 6 |  6.4
Maces & Flails | 3 4 5 |  5.5
Fighting       | 3 4 5 6 7 8 |  8.5
Dodging        | 3 4 5 6 7 |  7.9
Axes           | 2 3 6 9 10 11 | 11.7
Evocations     | 1 |  1.7
Spellcasting   | 3 |  3.2
Invocations    | 1 2 |  2.9
Shields        | 1 |  1.2
Translocations | |  3.7

Action                   |  1- 3 |  4- 6 |  7- 9 | 10-12 || total
-------------------------+-------+-------+-------+-------++-------
Melee: Mace              |   144 |   118 |       |       ||   262
       Tailslap          |    14 |    12 |    27 |    50 ||   103
       Hand axe          |       |    29 |   216 |   446 ||   691
       Punch             |       |       |       |     1 ||     1
Throw: Stone             |    14 |    24 |       |       ||    38
       Throwing net      |       |     1 |     2 |     3 ||     6
       Boomerang         |       |     1 |       |       ||     1
       Dart              |       |     6 |    18 |    44 ||    68
       Javelin           |       |       |       |     5 ||     5
 Cast: Blink             |       |     1 |       |     6 ||     7
Invok: Heroism           |       |       |       |     3 ||     3
       Finesse           |       |       |       |     1 ||     1
 Abil: Breathe Lightning |       |       |     9 |     9 ||    18
Evoke: Wand              |       |       |     2 |     9 ||    11
  Use: Scroll            |       |       |     6 |     3 ||     9
       Potion            |       |       |     1 |     1 ||     2
 Stab: Paralysed         |       |     2 |     8 |       ||    10
       Sleeping          |       |     1 |       |     3 ||     4
       Distracted        |       |       |     1 |       ||     1
Armor: Skin              |    62 |    44 |    38 |    69 ||   213
Dodge: Dodged            |   108 |    99 |   147 |   305 ||   659
Block: Kite shield       |       |       |       |    26 ||    26
